 Dungeon Crawl Stone Soup version 0.30.0-5-g1a98f26d00 (webtiles) character file.

Game seed: 14762237575859311643

465 konerai the Chopper (level 6, -35/78 HPs)
             Began as a Draconian Gladiator on May 11, 2023.
             Killed by an exploding gnoll bouda (54 damage)
             ... ignited by their inner flame
             ... on level 4 of the Dungeon.
             The game lasted 00:15:11 (2780 turns).

konerai the Chopper (Draconian Gladiator)           Turns: 2780, Time: 00:15:12

Health: -35/78     AC:  6    Str: 18    XL:     6   Next: 80%
Magic:  6/6        EV: 13    Int:  9    God:
Gold:   243        SH:  0    Dex: 12    Spells: 5/5 levels left

rFire   x . .        a - +1 war axe
rCold   + + .        (no shield)
rNeg    . . .        (body armour unavailable)
rPois   .            b - +0 hat
rElec   .            (no cloak)
rCorr   .            (no gloves)
SInv    +            (no boots)
Will    .....        j - amulet of the acrobat Stlth
                     k - ring of see invisible
HPRegen 0.33/turn    l - ring of ice
MPRegen 0.10/turn

%: random rage (3%), acrobat
@: berserking, very quick
A: AC +6, unfitting armour, cold-blooded, horns 1, talons 1, berserk 1, cold
resistance 1
a: no special abilities


You were on level 4 of the Dungeon.
You visited 1 branch of the dungeon, and saw 6 of its levels.

You collected 243 gold pieces.

Inventory:

Hand Weapons
 a - a +1 war axe (weapon)
Missiles
 c - 3 throwing nets (quivered)
 d - a javelin
Armour
 b - a +0 hat (worn)
Magical Staves
 h - a staff of poison
Jewellery
 j - an amulet of the acrobat (around neck)
 k - a ring of see invisible (left hand)
 l - a ring of ice (right hand)
Wands
 p - a wand of roots (1)
Scrolls
 f - 3 scrolls of identify
 n - a scroll of amnesia
Potions
 e - a potion of magic
 g - a potion of heal wounds
 m - a potion of haste
 s - a potion of flight


   Skills:
 + Level 3.7 Fighting
 + Level 5.8 Axes
 + Level 2.0 Throwing
 + Level 4.2 Dodging
 + Level 1.3 Stealth


You had 5 spell levels left.
You didn't know any spells.
Your spell library contained the following spells:

 Spells                   Type           Power      Damage    Failure   Level
 Necrotise                Necr           0%         1d4       38%         1
 Cigotuvi's Dreadful Rot  Necr/Pois/Air  0%         N/A       52%         2
 Sublimation of Blood     Necr           0%         N/A       52%         2
 Animate Dead             Necr           0%         N/A       99%         4


Dungeon Overview and Level Annotations

Branches:
Dungeon (6/15)
 Temple: D:4-7

Altars:
Ashenzari
Kikubaaqudgha
Vehumet

Shops:
D:1 *

Annotations:
D:4 2 runed translucent doors, IsvaffelMax's ghost, novice MfCK
D:6 Blork the orc


Innate Abilities, Weirdness & Mutations

Your plain brown scales are hard. (AC +6)
You cannot fit into any form of body armour.
You are cold-blooded and may be slowed by cold attacks.
You have a pair of small horns on your head.
You have sharp toenails.
You sometimes lose your temper in combat.
Your flesh is cold resistant. (rC+)


Message History

The goblin is severely wounded.
The goblin hits you but does no damage. The goblin barely misses you.
You barely miss the goblin.
The goblin is severely wounded.
The goblin barely misses you.
You completely miss the goblin. Your kick misses the goblin.
The goblin is severely wounded.
The goblin closely misses you.
You barely miss the goblin. Your headbutt misses the goblin.
The goblin is severely wounded.
The goblin barely misses you.
You slash the goblin!
You kill the goblin!
You see here a +0 club.
The gnoll bouda barks out a call to the hunt!
The gnolls pick up the pace!
The gnoll shouts!
Really read the scroll of immolation?
As you read the scroll of immolation, it crumbles to dust.
The creatures around you are filled with an inner flame!
The gnoll bouda hits you with a +0 club.
A red film seems to cover your vision as you go berserk!
You feel yourself moving faster!
You feel mighty! The gnoll hits you but does no damage.
The gnoll bouda hits you but does no damage.
You slash the gnoll bouda!
Flame seeps out of the gnoll bouda.
Your kick misses the gnoll bouda.
Flame seeps out of the gnoll bouda.
You punch the gnoll bouda.
The gnoll bouda is almost dead.
You slash the gnoll!
The gnoll explodes!
The fiery explosion engulfs the gnoll!!!
The fiery explosion engulfs the gnoll bouda!!!
The fiery explosion engulfs you!!! The fire burns you terribly!
Ouch! That really hurt!
* * * LOW HITPOINT WARNING * * *
The gnoll bouda explodes!
The fiery explosion engulfs you!!! The fire burns you terribly!
Ouch! That really hurt!
You die...

#######.##.###....###...##.#
#######.##.##.....####.###.#
.........#.#...........# #.#
####................#### #.#
#..#..#....g.....# ##.##
###...#.<#.........># #...#
....#.........§§§§.## ##.##
###...##..#.#.§○§§## #.#
##..##..#.#..§@.# #.#
#........#.###.# ###.#
#.###..###.# #.# #...# .. #.
#.# #.### #. #.# #.# #.##
#.## #..# #..####### #.#.
##.# #........# #.#.### #.#
###........#


You could see a gnoll (inner flame, swift).

Vanquished Creatures
  The ghost of TangoThomas the Conjurer, an amateur DsRe (D:3)
  A scorpion (D:5)
  The ghost of rlgrobin the Ruffian, a weakling TrWr (D:3)
  2 hounds
  A gnoll bouda (D:4)
  An orc priest (D:4)
  An orc wizard (D:4)
  3 gnolls
  8 adders
  A worm (D:2)
  A dart slug (D:2)
  2 orcs
  9 ball pythons
  4 endoplasms
  8 giant cockroaches
  7 goblins
  7 hobgoblins
  8 jackals
  A quokka (D:1)
  4 bats
  4 frilled lizards
  9 kobolds
  4 rats
88 creatures vanquished.

Notes
Turn   | Place    | Note
-------+----------+-------------------------------------------
     0 | D:1      | konerai the Draconian Gladiator began the quest for the
                  | Orb.
     0 | D:1      | Reached XP level 1. HP: 17/17 MP: 1/1
   119 | D:1      | Reached XP level 2. HP: 21/24 MP: 2/2
   556 | D:1      | Reached XP level 3. HP: 27/30 MP: 3/3
   745 | D:1      | Found Zimpiw's General Store.
  1035 | D:2      | Gained mutation: You sometimes lose your temper in combat.
                  | [potion of mutation]
  1035 | D:2      | Gained mutation: Your flesh is cold resistant. (rC+)
                  | [potion of mutation]
  1035 | D:2      | Gained mutation: You have sharp toenails. [potion of
                  | mutation]
  1035 | D:2      | Gained mutation: You have a pair of small horns on your
                  | head. [potion of mutation]
  1082 | D:2      | Reached XP level 4. HP: 37/37 MP: 4/4
  1304 | D:2      | Reached skill level 4 in Axes
  1613 | D:3      | Found a faded altar of an unknown god.
  1625 | D:3      | Prayed at the altar of an unknown god.
  1625 | D:3      | Became a worshipper of Kikubaaqudgha
  1625 | D:3      | Reached * piety under Kikubaaqudgha
  1625 | D:3      | Received a gift from Kikubaaqudgha
  1626 | D:3      | Fell from the grace of Kikubaaqudgha
  1672 | D:3      | You fall into a shaft and drop 3 floors!
  1673 | D:6      | Noticed Blork the orc
  1681 | D:5      | Entered Level 5 of the Dungeon
  1693 | D:5      | Reached XP level 5. HP: 45/45 MP: 5/5
  1739 | D:5      | Reached skill level 1 in Stealth
  1752 | D:5      | Reached skill level 5 in Axes
  1895 | D:4      | Noticed a black bear
  1902 | D:4      | Found a broken altar of Ashenzari.
  1940 | D:4      | Found a radiant altar of Vehumet.
  2439 | D:3      | Found a runed translucent gate.
  2439 | D:3      | Found a runed translucent gate.
  2440 | D:3      | Found a runed translucent gate.
  2442 | D:3      | Noticed rlgrobin's ghost (weakling TrWr)
  2442 | D:3      | Noticed TangoThomas's ghost (amateur DsRe)
  2456 | D:3      | Killed TangoThomas's ghost
  2457 | D:3      | Reached XP level 6. HP: 28/51 MP: 6/6
  2462 | D:3      | Killed rlgrobin's ghost
  2606 | D:4      | Noticed IsvaffelMax's ghost (novice MfCK)
  2612 | D:4      | Found a runed translucent gate.
  2612 | D:4      | Found a runed translucent gate.
  2780 | D:4      | Killed by an exploding gnoll bouda... ignited by their
                  | inner flame

Illustrated notes

Levels and vault maps discovered:
D:1:      shiori_arrival_oz, layout_rooms, serial_shops,
          nicolae_shop_back_alley_shop
D:2:      layout_loops_ring
D:3:      layout_loops_ring, gammafunk_ghost_cemetery,
          hellmonk_ecumenical_altar_run_dry
D:4:      layout_loops_ring, evilmike_ruin_ashenzari,
          mainiacjoe_overflow_cross_hatched, nicolae_vehumet_radiance,
          gammafunk_ghost_split
D:5:      layout_rooms, lemuel_tele_altar, minmay_temple_entry_slanted,
          serial_shops, shop, grunt_decor_resistance, uniq_ijyb
D:6:      layout_loops_ring, nicolae_qazlal_style_of_elements,
          okawaru_altar_gauntlet_db, ebering_ghost_xom,
          kennysheep_cluttered_room, uniq_blork_the_orc

Skill      XL: |  1  2  3  4  5 |
---------------+----------------+-----
Dodging        | 3 4 |  4.2
Throwing       | 2 |  2.0
Axes           | 4 5 |  5.8
Fighting       | 3 |  3.7
Stealth        | 1 |  1.3

Action                     |  1- 3 |  4- 6 || total
---------------------------+-------+-------++-------
  Melee: War axe           |   101 |   104 ||   205
         Tailslap          |     8 |     9 ||    17
         Kick              |     2 |    16 ||    18
         Headbutt          |     1 |    14 ||    15
         Punch             |       |     2 ||     2
 Invoke: Renounce Religion |       |     1 ||     1
    Use: Scroll            |     3 |    11 ||    14
         Potion            |     1 |     2 ||     3
   Stab: Sleeping          |     1 |       ||     1
 Armour: Skin              |    34 |    28 ||    62
  Dodge: Dodged            |    79 |   136 ||   215
